 Dungeon Crawl Stone Soup version 0.27.0-1-g7a089689b8 (webtiles) character file.

Game seed: 2062017136780078308

2765 sasquatch the Covert (level 9, -2/54 HPs)
             Began as an Octopode Brigand on Aug 6, 2021.
             Was an Elder of Wu Jian.
             Slain by a wraith (7 damage)
             ... on level 10 of the Dungeon.
             The game lasted 00:13:56 (9760 turns).

sasquatch the Covert (Octopode Brigand)             Turns: 9760, Time: 00:13:56

Health: -2/54      AC:  1    Str: 10    XL:     9   Next: 69%
Magic:  9/9        EV: 13    Int: 14    God:    Wu Jian [****..]
Gold:   295        SH:  0    Dex: 22    Spells: 8/8 levels left

rFire    . . .     SeeInvis .   b - +0 short sword (elec)
rCold    . . .     Faith    .   (no shield)
rNeg     . . .     Spirit   .   (helmet restricted)
rPois    .         Reflect  .   (no amulet)
rElec    .         Harm     .   t - +6 ring of dexterity
rCorr    .         Rampage  .   (no ring)
Will     .....                  (no ring)
Stlth    ++++++....             (no ring)
HPRegen  0.18/turn              (no ring)
MPRegen  0.11/turn              (no ring)
                                (no ring)
                                (no ring)

@: slowed, studying Long Blades, very slow
A: almost no armour, amphibious, 8 rings, camouflage 1, gelatinous body 1,
(nimble swimmer 1), tentacles
a: Renounce Religion, Wall Jump, Serpent's Lash


You were on level 10 of the Dungeon.
You worshipped Wu Jian.
Wu Jian was greatly pleased with you.
You visited 1 branch of the dungeon, and saw 10 of its levels.
You also visited: Sewer.

You collected 295 gold pieces.

Inventory:

Hand Weapons
 a - a +1 dagger of venom
 b - a +0 short sword of electrocution (weapon)
 j - a +1 antimagic dagger
 y - a +1 dagger of holy wrath
Missiles
 c - 2 curare-tipped darts
 f - 41 poisoned darts (quivered)
Jewellery
 t - a +6 ring of dexterity (left tentacle)
 w - an amulet of faith
 E - a ring of fire
Wands
 A - a wand of iceblast (21)
 C - a wand of acid (9)
Scrolls
 d - a scroll of amnesia {unknown}
 e - a scroll of torment
 g - 4 scrolls of teleportation
 h - 3 scrolls of immolation {unknown}
 k - 2 scrolls of magic mapping
 p - a scroll of noise {unknown}
 r - 2 scrolls of blinking {unknown}
 u - a scroll of brand weapon {unknown}
 v - 4 scrolls of enchant weapon {unknown}
 D - a scroll of identify
Potions
 i - 3 potions of flight
 l - a potion of might
 m - 7 potions of heal wounds
 n - 3 potions of haste {unknown}
 o - 2 potions of lignification {unknown}
 q - a potion of magic {unknown}
 s - a potion of resistance {unknown}
 x - a potion of curing
 z - a potion of attraction {unknown}
 B - 3 potions of cancellation {unknown}


   Skills:
 - Level 2.0 Fighting
 * Level 10.7 Short Blades
 - Level 2.0 Throwing
 - Level 1.0 Dodging
 + Level 11.7 Stealth


You had 8 spell levels left.
You didn't know any spells.
Your spell library contained the following spells:

 Spells                   Type           Power      Damage    Failure   Level
 Magic Dart               Conj           0%         1d3       28%         1
 Sting                    Tmut/Pois      0%         1d3       28%         1
 Summon Small Mammal      Summ           0%         N/A       28%         1
 Corpse Rot               Necr/Air       N/A        N/A       41%         2
 Poisonous Vapours        Pois/Air       0%         N/A       41%         2
 Searing Ray              Conj           0%         3d3       41%         2
 Static Discharge         Conj/Air       0%         N/A       41%         2
 Call Canine Familiar     Summ           0%         N/A       65%         3
 Gell's Gravitas          Tloc           0%         N/A       65%         3
 Lesser Beckoning         Tloc           0%         N/A       65%         3
 Summon Guardian Golem    Hex/Summ       0%         N/A       65%         3
 Teleport Other           Tloc           0%         N/A       65%         3
 Dispel Undead            Necr           0%         3d6       96%         4
 Fulminant Prism          Conj/Hex       0%         3d6       96%         4
 Olgreb's Toxic Radiance  Pois           0%         N/A       96%         4
 Sticky Flame             Conj/Fire      0%         2d3       96%         4
 Death Channel            Necr           0%         N/A       100%        6


Dungeon Overview and Level Annotations

Branches:
Dungeon (10/15)            Temple (0/1) D:5            Lair (0/6) D:10
  Sewer (visited)
    Orc: D:9-12

Altars:
Nemelex Xobeh
Wu Jian
Yredelemnul


Innate Abilities, Weirdness & Mutations

You cannot wear most types of armour.
You are amphibious.
You can wear up to eight rings at the same time.
Your skin changes colour to match your surroundings (Stealth+).
Your rubbery body absorbs attacks. (AC +1, EV +1)
((You are camouflaged near water. (Stealth+)))
You have tentacles for arms and can constrict up to eight enemies at once.


Message History

The wraith is almost destroyed.
The wraith hits you.
* * * LOW HITPOINT WARNING * * *
The wraith drains your vigour!
You feel as though you will be slow longer.
You hit the wraith but do no damage.
The wraith is almost destroyed.
The wraith hits you.
* * * LOW HITPOINT WARNING * * *
The wraith drains your vigour!
You feel as though you will be slow longer.
You hit the wraith but do no damage.
The wraith is almost destroyed.
The wraith hits you.
* * * LOW HITPOINT WARNING * * *
The wraith drains your vigour!
You feel as though you will be slow longer.
You hit the wraith but do no damage.
You squeeze the wraith, but do no damage.
The wraith is almost destroyed.
The wraith hits you.
* * * LOW HITPOINT WARNING * * *
The wraith drains your vigour!
You feel as though you will be slow longer.
You hit the wraith but do no damage. Your squeeze misses the wraith.
The wraith is almost destroyed.
The wraith hits you.
* * * LOW HITPOINT WARNING * * *
The wraith drains your vigour!
You feel as though you will be slow longer.
You hit the wraith but do no damage.
You squeeze the wraith, but do no damage.
The wraith is almost destroyed.
The wraith closely misses you.
You closely miss the wraith.
The wraith is almost destroyed.
You closely miss the wraith.
The wraith is almost destroyed.
The wraith hits you!
You die...

### #.. +.# #.#
#######+## #)#
#........# #####<#
#...>....#
......########........#
.............+..W.....#
....(.#######>..@.....#
......# ##........#
......# #........#
#.##### #........#
#.### ####...### #...##
####..##### ###..#
#.........# ##.#
#.......(.# ####.###
#.........#


You could see a wraith.

Vanquished Creatures
  A hornet (D:8)
  Grinder (D:3)
  2 steam dragons (D:8)
  2 water moccasins
  2 sky beasts
  A black bear (D:4)
  2 necrophages (D:5)
  A hornet zombie (D:7)
  3 ogres
  A centaur (D:6)
  2 kobold brigands (Sewer)
  A bullfrog (D:8)
  2 scorpions
  2 hounds
  An orc priest (D:4)
  A gnoll shaman (D:5)
  A jelly (D:6)
  Terence (D:2)
  Jessica (D:2)
  Natasha (thrice) (D:2)
  2 iguanas
  A bullfrog skeleton (D:5)
  3 orc wizards
  A killer bee zombie (D:8)
  A hound skeleton (D:4)
  6 gnolls
  A howler monkey skeleton (D:7)
  5 adders
  2 river rats (Sewer)
  An ufetubus (D:6)
  5 worms
  4 dart slugs
  19 orcs
  5 bats
  7 endoplasms
  3 giant cockroaches
  9 goblins
  7 hobgoblins
  5 jackals (D:2)
  27 kobolds
  3 quokkas
  5 ball pythons
  5 frilled lizards
  9 rats
167 creatures vanquished.

Notes
Turn   | Place    | Note
-------+----------+-------------------------------------------
     0 | D:1      | sasquatch the Octopode Brigand began the quest for the Orb.
     0 | D:1      | Reached XP level 1. HP: 14/14 MP: 1/1
   390 | D:1      | Reached XP level 2. HP: 19/19 MP: 2/2
   646 | D:1      | Found a faded altar of an unknown god.
   683 | D:1      | Became a worshipper of the Wu Jian Council
   683 | D:1      | Reached * piety under Wu Jian
  1024 | D:2      | Reached XP level 3. HP: 24/24 MP: 3/3
  1096 | D:2      | Reached skill level 6 in Stealth
  1424 | D:2      | Found a basalt altar of Yredelemnul.
  1523 | D:2      | Noticed Natasha
  1530 | D:2      | Killed Natasha
  1531 | D:2      | Reached XP level 4. HP: 29/29 MP: 4/4
  1544 | D:2      | Noticed Terence
  1551 | D:2      | Killed Terence
  1551 | D:2      | Reached ** piety under Wu Jian
  1580 | D:2      | Noticed Natasha
  1585 | D:2      | Killed Natasha
  1586 | D:2      | Reached XP level 5. HP: 19/34 MP: 5/5
  1779 | D:2      | Noticed Jessica
  1786 | D:2      | Killed Jessica
  1787 | D:2      | Reached skill level 7 in Stealth
  2296 | D:2      | Noticed Natasha
  2307 | D:2      | Killed Natasha
  2412 | D:3      | Reached XP level 6. HP: 36/39 MP: 6/6
  2570 | D:3      | Reached skill level 5 in Short Blades
  2846 | D:3      | Noticed Grinder
  2865 | D:3      | Killed Grinder
  3023 | D:3      | Found a glowing drain.
  3027 | Sewer    | Entered a sewer
  3125 | Sewer    | Reached skill level 8 in Stealth
  3125 | Sewer    | Reached XP level 7. HP: 45/45 MP: 7/7
  3789 | Sewer    | Reached *** piety under Wu Jian
  4723 | D:4      | Reached skill level 9 in Stealth
  5069 | D:4      | Reached XP level 8. HP: 41/50 MP: 8/8
  5442 | D:5      | Entered Level 5 of the Dungeon
  5950 | D:5      | Reached skill level 10 in Stealth
  6013 | D:5      | Found a staircase to the Ecumenical Temple.
  6146 | D:6      | Reached **** piety under Wu Jian
  6648 | D:6      | Reached XP level 9. HP: 54/54 MP: 9/9
  6747 | D:6      | Found a sparkling altar of Nemelex Xobeh.
  7542 | D:7      | Reached skill level 11 in Stealth
  8414 | D:8      | Reached skill level 10 in Short Blades
  8498 | D:8      | Noticed a hornet
  8505 | D:8      | Killed a hornet
  9457 | D:10     | Entered Level 10 of the Dungeon
  9705 | D:10     | Found a staircase to the Lair.
  9760 | D:10     | Slain by a wraith

Illustrated notes

Levels and vault maps discovered:
D:1:      dpeg_arrival_rhombi, layout_basic,
          hellmonk_ecumenical_altar_heavens_door
D:2:      layout_loops_ring, basic_altar, minmay_misc_feat_more_columns,
          uniq_natasha, uniq_jessica, uniq_terence
D:3:      layout_loops_ring, cheibrodos_sewer_entry_bend,
          grunt_decor_mini_mirrors, uniq_grinder
D:4:      layout_cave_pods, grunt_ministairs_9, minmay_manual_maat
D:5:      layout_rooms, temple_hall, grunt_ministairs_13
D:6:      layout_layer_cave, nemelex_dance_club_becter
D:7:      layout_basic
D:8:      layout_loops_corners
D:9:      layout_long_grid, grunt_temple_overflow_diamond,
          mainiacjoe_overflow_big_doors, kennysheep_orc_monster_closet_entryway,
          jiyva_altar_1
D:10:     layout_roguey, lair_entry_dummy, serial_shops, kennysheep_little_box,
          nicolae_shop_statue_plus

Skill      XL: |  1  2  3  4  5  6  7  8  9 |
---------------+----------------------------+-----
Short Blades   | 3 4 5 7 9 10 | 10.7
Stealth        | 6 7 8 9 10 11 | 11.7
Fighting       | |  2.0
Throwing       | |  2.0
Dodging        | |  1.0

Action                   |  1- 3 |  4- 6 |  7- 9 || total
-------------------------+-------+-------+-------++-------
Melee: Dagger            |    13 |    24 |   228 ||   265
       Constrict         |    13 |    15 |    37 ||    65
       Tentacles         |     5 |    10 |    67 ||    82
       Short sword       |    47 |    51 |    25 ||   123
Invok: Lunge             |     5 |    20 |    45 ||    70
       Whirlwind         |       |       |     1 ||     1
  Use: Scroll            |       |       |     6 ||     6
       Potion            |       |       |     2 ||     2
 Stab: Sleeping          |    14 |    13 |    44 ||    71
       Distracted        |       |       |     3 ||     3
Armor: Skin              |     5 |     2 |     7 ||    14
Dodge: Dodged            |    23 |    21 |    53 ||    97
